 Dungeon Crawl Stone Soup version 0.28-a0-691-gad6df49e81 (webtiles) character file.

Game seed: 904369334556856837

9120 ragingrage the Grappler (level 11, -2/80 HPs)
             Began as a Demonspawn Chaos Knight on Oct 21, 2021.
             Was a Plaything of Xom.
             Slain by a sun demon (3 damage)
             ... summoned by Xom
             ... on level 11 of the Dungeon.
             The game lasted 00:18:13 (12957 turns).

ragingrage the Grappler (Demonspawn Chaos Knight)  Turns: 12957, Time: 00:18:13

Health: -2/80      AC: 14    Str: 21    XL:     11   Next: 18%
Magic:  0/11       EV: 12    Int: 19    God:    Xom [......]
Gold:   529        SH:  0    Dex: 16    Spells: 9/10 levels left

rFire   + + +      SeeInvis .     - Unarmed
rCold   + + +      Faith    .   (no shield)
rNeg    . . .      Spirit   +   m - +1 ring mail of Uskayaw's Respect {rC++}
rPois   +          Reflect  .   (no helmet)
rElec   +          Harm     .   H - scarf {rC+ rF+}
rCorr   +          Rampage  .   k - +0 pair of gloves
Will    .....      Clarity  +   j - +2 pair of boots
Stlth   +.........              a - amulet of guardian spirit
HPRegen 0.23/turn               A - +4 ring of protection
MPRegen 0.12/turn               b - +6 ring of strength

@: on fire, about to teleport, resistant, glowing, studying 7 skills
A: claws 2, thin skeletal structure 2, demonic guardian 2, powered by death 1,
clarity, clever 2, fire resistance 1
a: Renounce Religion


You were on level 11 of the Dungeon.
You worshipped Xom.
You were a very special plaything of Xom.
You visited 1 branch of the dungeon, and saw 11 of its levels.
You also visited: Trove.

You collected 529 gold pieces.

Inventory:

Hand Weapons
 v - a +6 trident of venom
Missiles
 r - 4 throwing nets
 t - 29 poisoned darts (quivered)
Armour
 j - a +2 pair of boots (worn)
 k - a +0 pair of gloves (worn)
 m - the +1 ring mail of Uskayaw's Respect (worn) {rC++}
   (You found it on level 6 of the Dungeon)

   rC:        It greatly protects you from cold.
 H - a scarf of resistance (worn)
Jewellery
 a - an amulet of guardian spirit (around neck)
 b - a +6 ring of strength (right hand)
 g - a ring of willpower
 A - a +4 ring of protection (left hand)
Wands
 c - a wand of mindburst (7)
 o - a wand of flame (18)
 B - a wand of paralysis (4)
 D - a wand of polymorph (5)
Scrolls
 d - a scroll of teleportation
 e - 7 scrolls of identify
 h - 2 scrolls of fear
 l - 2 scrolls of amnesia
 w - 2 scrolls of torment
 y - a scroll of enchant weapon
 E - a scroll of blinking
 F - 2 scrolls of fog
 G - 3 scrolls of enchant armour {unknown}
Potions
 f - 3 potions of attraction
 i - a potion of resistance
 n - 3 potions of might
 q - a potion of degeneration {unknown}
 s - a potion of magic {unknown}
 u - 3 potions of haste {unknown}
 x - 2 potions of heal wounds {unknown}
 z - a potion of ambrosia {unknown}
 C - 2 potions of invisibility {unknown}
Miscellaneous
 p - a lightning rod (4/4)


   Skills:
 - Level 5.6 Fighting
 - Level 1.7 Armour
 + Level 3.6 Dodging
 * Level 13.4 Unarmed Combat
 + Level 3.4 Transmutations
 + Level 12.2 Evocations


You had 9 spell levels left.
You knew the following spells:

 Your Spells              Type           Power      Damage    Failure   Level
a - Beastly Appendage     Tmut           26%        N/A       9%          1

Your spell library contained the following spells:

 Spells                   Type           Power      Damage    Failure   Level
 Wereblood                Tmut           13%        N/A       12%         2
 Apportation              Tloc           0%         N/A       32%         1
 Foxfire                  Conj/Fire      0%         2x1d4     32%         1
 Blink                    Tloc           N/A        N/A       45%         2
 Spider Form              Tmut/Pois      3%         N/A       45%         3
 Conjure Flame            Conj/Fire      0%         6-21      69%         3
 Inner Flame              Hex/Fire       0%         N/A       69%         3
 Portal Projectile        Hex/Tloc       0%         N/A       69%         3
 Ice Form                 Ice/Tmut       6%         N/A       86%         4
 Flame Wave               Conj/Fire      0%         3d3       97%         4
 Hailstorm                Conj/Ice       0%         3d3       97%         4
 Summon Ice Beast         Ice/Summ       0%         N/A       97%         4
 Alistair's Intoxication  Tmut/Pois      4%         N/A       99%         5
 Freezing Cloud           Conj/Ice/Air   0%         6-21      100%        5
 Manifold Assault         Tloc           0%         N/A       100%        5
 Dispersal                Tloc           0%         N/A       100%        6
 Simulacrum               Ice/Necr       0%         N/A       100%        6


Dungeon Overview and Level Annotations

Branches:
Dungeon (11/15)            Temple (0/1) D:5
   Lair: D:8-11         Orc: D:9-12

Altars:
Cheibriados
Fedhas
Okawaru
Uskayaw
Xom

Shops:
D:6 *


Innate Abilities, Weirdness & Mutations

You have very sharp fingernails.
You have a moderately thin skeletal structure. (Dex +4, Stealth++)
A demonic guardian rushes to your aid.
You regenerate a little health from kills.
You possess an exceptional clarity of mind.
Your mind is very acute. (Int +4)
Your flesh is heat resistant. (rF+)


Message History

You miss the ufetubus.
You are covered in liquid flames!
The ufetubus hits you but does no damage. x2
The sun demon closely misses you.
The hellwing hits you but does no damage.
The hellwing hits you. The smoke demon gestures at you.
The sticky flame hits you. You resist.
You are covered in liquid flames!
The sun demon hits you!
* * * LOW HITPOINT WARNING * * *
You are engulfed in flames.
You resist.
* * * LOW HITPOINT WARNING * * *
It was a potion of resistance.
You feel protected.
Xom roars with laughter!
You are covered in liquid flames!
* * * LOW HITPOINT WARNING * * *
The ufetubus hits you but does no damage. x2
The sun demon hits you.
* * * LOW HITPOINT WARNING * * *
A demonic guardian appears!
You are engulfed in flames.
You resist.
* * * LOW HITPOINT WARNING * * *
The sun demon hits you but does no damage.
The hellwing closely misses you. The hellwing hits you.
* * * LOW HITPOINT WARNING * * *
The smoke demon gestures at you.
The sticky flame hits you but does no damage.
You are covered in liquid flames!
Unknown command.
Okay, then.
You closely miss the ufetubus.
You are covered in liquid flames!
The ufetubus hits you but does no damage.
The ufetubus closely misses you. The sun demon misses you.
The sun demon hits you!
* * * LOW HITPOINT WARNING * * *
You are engulfed in flames.
You resist.
You die... "What!?
That's it?"

#..# #.... #..# #...
.... .. #..# #..#
#..# #. #..# #..#
#..# #. #..###<.#
#..# #. #.......#
#..# #.
#.4ยง....####..####.
#35###...(.........
#3@# #...(.........
#43# #..####..####.
#.5# #..# #..# #.
#..# #..# #..# #.
#..# #..# #..# #.
#..###..####..####.
#..................
#..................
###################


You could see 2 sun demons, a hellwing (summoned), a smoke demon (summoned, ally
target), a crimson imp (summoned), an ufetubus (summoned) and a friendly orange
demon (summoned).

Vanquished Creatures
  Harold (D:8)
  An unseen horror (D:11)
  Psyche (D:11)
  A hornet (D:10)
  A meliai zombie (D:7)
  2 slime creatures (D:10)
  A shadow (D:8)
  A wyvern (D:8)
  2 yaks (D:6)
  A wraith (D:11)
  A steam dragon (D:8)
  An acid dragon (D:10)
  2 water moccasins
  3 ice beasts
  2 sky beasts
  An orc warrior (D:9)
  A black bear (D:6)
  An ogre (D:7)
  3 centaurs (D:8)
  A kobold brigand (D:8)
  A phantom (D:5)
  2 bullfrogs
  A wyvern skeleton (D:6)
  A water moccasin skeleton (D:6)
  15 killer bees (D:9)
  3 electric eels (D:10)
  7 howler monkeys
  5 centaur zombies
  4 jellies
  7 hounds
  3 gnoll shamans
  An orc priest (D:6)
  4 centaur skeletons
  2 bullfrog skeletons
  2 iguanas
  2 orc wizards
  A killer bee zombie (D:5)
  A hound skeleton (D:4)
  A howler monkey zombie (D:9)
  17 gnolls
  3 adders
  A shadow imp (D:8)
  2 white imps
  2 ufetubi
  An adder skeleton (D:4)
  A worm (D:2)
  3 dart slugs
  7 orcs
  3 ball pythons (D:1)
  10 endoplasms
  3 giant cockroaches (D:1)
  8 goblins
  4 hobgoblins
  17 kobolds
  2 quokkas
  6 bats
  2 frilled lizards
  A rat (D:1)
184 creatures vanquished.

Vanquished Creatures (collateral kills)
  2 slime creatures (D:10)
  A shadow (D:9)
  A wraith (D:9)
  A wyvern (D:5)
  A yak (D:6)
  A water moccasin (D:6)
  An orc warrior (D:9)
  2 ogres
  A gnoll sergeant (D:10)
  A water moccasin zombie (D:5)
  3 killer bees (D:9)
  A bullfrog zombie (D:5)
  A gnoll shaman (D:6)
  A hound (D:6)
  An iguana (D:6)
  A dart slug (D:4)
  An orc (D:9)
  4 endoplasms (D:2)
  A kobold (D:2)
26 creatures vanquished.

Vanquished Creatures (others)
  10 fungi
  15 plants
  8 toadstools (D:2)
33 creatures vanquished.

Grand Total: 243 creatures vanquished

Notes
Turn   | Place    | Note
-------+----------+-------------------------------------------
     0 | D:1      | ragingrage the Demonspawn Chaos Knight began the quest for
                  | the Orb.
     0 | D:1      | Reached XP level 1. HP: 18/18 MP: 1/1
   238 | D:1      | Reached skill level 3 in Unarmed Combat
   251 | D:1      | Found a faded altar of an unknown god.
   275 | D:1      | Got Plato's Compendium of Dislocation
   295 | D:1      | Gained mutation: A weak demonic guardian rushes to your
                  | aid. [demonic ancestry]
   295 | D:1      | Reached XP level 2. HP: 24/24 MP: 2/2
   332 | D:1      | XOM: silly message
   757 | D:1      | Gained mutation: A demonic guardian rushes to your aid.
                  | [demonic ancestry]
   757 | D:1      | Reached XP level 3. HP: 28/29 MP: 3/3
  1323 | D:2      | XOM: smoke on damage
  1330 | D:2      | Reached skill level 4 in Unarmed Combat
  1493 | D:2      | XOM: cloud trail
  1641 | D:2      | XOM: 3-stop teleportation journey
  1855 | D:2      | Reached XP level 4. HP: 31/35 MP: 4/4
  1909 | D:2      | XOM: summons 1 hostile shadow creature
  1917 | D:2      | Reached skill level 5 in Unarmed Combat
  2568 | D:3      | XOM: summons 3 hostile demons
  3025 | D:4      | Reached XP level 5. HP: 39/41 MP: 5/5
  3165 | D:4      | XOM: torment (22/41 hp)
  3539 | D:4      | XOM: noise
  3628 | D:4      | Found an iron altar of Okawaru.
  3935 | D:5      | Entered Level 5 of the Dungeon
  3962 | D:5      | Noticed an ogre
  3964 | D:5      | XOM: scenery: summon butterflies
  3974 | D:5      | XOM: cast spell 'Summon Horrible Things'
  3977 | D:5      | Reached skill level 6 in Unarmed Combat
  3978 | D:5      | Killed an ogre
  3979 | D:5      | Gained mutation: You have a somewhat thin skeletal
                  | structure. (Dex +2, Stealth+) [demonic ancestry]
  3979 | D:5      | Reached XP level 6. HP: 34/47 MP: 6/6
  4036 | D:5      | XOM: scenery: create altars
  4100 | D:5      | XOM: 5-stop teleportation journey
  4104 | D:5      | Found a staircase to the Ecumenical Temple.
  4129 | D:5      | Identified a scroll of acquirement
  4129 | D:5      | Acquired a manual of Evocations
  4129 | D:5      | XOM: summons friendly ufetubus
  4138 | D:5      | Noticed a wyvern
  4143 | D:5      | XOM: cast spell 'Summon Dragon'
  4148 | D:5      | Killed a wyvern
  4149 | D:5      | Reached skill level 7 in Unarmed Combat
  4171 | D:5      | Gained mutation: You regenerate a little health from kills.
                  | [demonic ancestry]
  4171 | D:5      | Reached XP level 7. HP: 22/52 MP: 7/7
  4210 | D:5      | XOM: 1-stop teleportation journey
  4714 | D:5      | XOM: smoke on damage
  4758 | D:5      | XOM: cloud trail
  4761 | D:5      | XOM: cast spell 'Summon Mana Viper'
  4862 | D:5      | XOM: god gift: purple potion {god gift}
  4889 | D:5      | Found a blossoming altar of Fedhas.
  4976 | D:5      | XOM: give mutations
  4976 | D:5      | Gained mutation: Your flesh is heat resistant. (rF+) [Xom's
                  | grace]
  4976 | D:5      | Gained mutation: Your mind is acute. (Int +2) [Xom's grace]
  5018 | D:5      | Reached skill level 8 in Unarmed Combat
  5201 | D:5      | XOM: scenery: summon butterflies
  5240 | D:6      | XOM: 1-stop teleportation journey
  5300 | D:6      | Reached skill level 5 in Evocations
  5300 | D:6      | Reached XP level 8. HP: 51/58 MP: 8/8
  5367 | D:6      | XOM: enchant monster (bad)
  5375 | D:6      | XOM: silly message
  5577 | D:6      | Reached skill level 9 in Unarmed Combat
  5905 | D:6      | Identified the +1 ring mail of Uskayaw's Respect {rC++}
  5993 | D:6      | Found Extamoko's Mass Market.
  6190 | D:6      | XOM: 3-stop teleportation journey
  6419 | D:6      | XOM: smoke on damage
  6421 | D:6      | XOM: polymorph hound -> howler monkey
  6534 | D:6      | XOM: silly message
  6537 | D:6      | Gained mutation: You have a moderately thin skeletal
                  | structure. (Dex +4, Stealth++) [demonic ancestry]
  6537 | D:6      | Reached XP level 9. HP: 44/63 MP: 5/9
  6634 | D:6      | XOM: swap monsters
  6640 | D:6      | Reached skill level 10 in Unarmed Combat
  6736 | D:7      | XOM: enchant monster (bad)
  7189 | D:6      | XOM: summons 2 friendly demons
  7378 | D:6      | XOM: noise
  7538 | D:7      | XOM: enchant monster (bad)
  7705 | D:7      | XOM: summons 9 friendly demons
  7720 | D:7      | Reached skill level 11 in Unarmed Combat
  7829 | D:7      | Reached skill level 10 in Evocations
  8156 | D:8      | Noticed Harold
  8161 | D:8      | Killed Harold
  8162 | D:8      | Gained mutation: You have sharp fingernails. [demonic
                  | ancestry]
  8162 | D:8      | Reached XP level 10. HP: 42/72 MP: 6/10
  8189 | D:8      | XOM: silly message
  8209 | D:8      | XOM: 3-stop teleportation journey
  8313 | D:8      | XOM: silly message
  8481 | D:8      | XOM: noise
  8613 | D:8      | XOM: 4-stop teleportation journey
  8863 | D:9      | XOM: stealth player
  8928 | D:9      | XOM: silly message
  9034 | D:9      | Reached skill level 12 in Unarmed Combat
  9051 | D:9      | Reached skill level 5 in Fighting
  9398 | D:9      | Found a snail-covered altar of Cheibriados.
  9398 | D:9      | XOM: 9-stop teleportation journey
  9576 | D:9      | XOM: noise
  9883 | D:8      | XOM: divination: detect items
  9885 | D:8      | Found a hide-covered altar of Uskayaw.
  9982 | D:8      | XOM: god gift: scroll of fear
 10130 | D:9      | XOM: summons 1 hostile demon
 10509 | D:9      | XOM: give mutations
 10509 | D:9      | Gained mutation: You possess an exceptional clarity of
                  | mind. [Xom's grace]
 10509 | D:9      | Gained mutation: Your mind is very acute. (Int +4) [Xom's
                  | grace]
 10529 | D:10     | Entered Level 10 of the Dungeon
 10535 | D:10     | Found a portal to a secret trove of treasure.
 10553 | Trove    | Entered a treasure trove
 10567 | Trove    | Got Sif Muna's Grimoire of Toxins and the Compass
 10584 | Trove    | Got Sif Muna's Volume of the Dislocated Glacier
 10680 | D:10     | XOM: summons 4 friendly demons
 10684 | D:10     | Reached skill level 1 in Dodging
 10687 | D:10     | Reached skill level 1 in Transmutations
 10694 | D:10     | XOM: smoke on damage
 10805 | D:10     | XOM: noise
 11030 | D:10     | Reached skill level 13 in Unarmed Combat
 11288 | D:10     | Gained mutation: You have very sharp fingernails. [demonic
                  | ancestry]
 11288 | D:10     | Reached XP level 11. HP: 80/80 MP: 11/11
 11308 | D:10     | Learned a level 1 spell: Beastly Appendage
 11517 | D:10     | XOM: 1-stop teleportation journey
 11560 | D:10     | XOM: 1-stop teleportation journey
 11918 | D:10     | XOM: 7-stop teleportation journey
 12023 | D:10     | XOM: chaos cloud
 12024 | D:10     | Paralysed by you for 4 turns
 12150 | D:10     | XOM: summons 2 hostile demons
 12704 | D:11     | XOM: noise
 12708 | D:11     | XOM: 1-stop teleportation journey
 12719 | D:11     | Noticed Psyche
 12735 | D:11     | Killed Psyche
 12950 | D:11     | XOM: summons 6 hostile demons
 12951 | D:11     | Noticed a sun demon
 12951 | D:11     | Noticed a sun demon
 12954 | D:11     | XOM: smoke on damage
 12957 | D:11     | HP: 1/80 [sun demon[Xom] (9)]
 12957 | D:11     | Slain by a sun demon

Illustrated notes

Levels and vault maps discovered:
D:1:      matt_arrival_los_fun, layout_rooms,
          shapermc_ecumenical_altar_rom_forum
D:2:      cheibrodos_fertilizer, layout_loops_cross
D:3:      layout_basic, nrook_mini_backslash
D:4:      layout_basic, okawaru_metal_pillars_1_2
D:5:      minmay_chambers_of_threes, layout_basic, mainiacjoe_overflow_brackets,
          minmay_temple_entry_slanted
D:6:      minmay_octagon_keep, layout_basic, hangedman_decor_riveting,
          minmay_shop_mass, minmay_fractal_squares_gapless_5
D:7:      layout_rooms
D:8:      layout_basic, lemuel_doored_altar, minmay_manual_mares, uniq_harold
D:9:      layout_irregular_city, mainiacjoe_overflow_cross_hatched, minivault_24
D:10:     layout_stronghold, nicolae_trove_entry_free_sample,
          serial_bayou_lake_a
D:11:     layout_small_grid, dpeg_oklobed_lair, uniq_psyche

Skill      XL: |  1  2  3  4  5  6  7  8  9 10 11 |
---------------+----------------------------------+-----
Unarmed Combat | 3 4 5 6 7 8 9 11 13 | 13.4
Evocations     | 2 5 7 10 12 | 12.2
Fighting       | 4 5 |  5.6
Dodging        | 2 3 |  3.6
Transmutations | 2 3 |  3.4
Armour         | |  1.7

Action                   |  1- 3 |  4- 6 |  7- 9 | 10-12 || total
-------------------------+-------+-------+-------+-------++-------
Melee: Unarmed           |   129 |   104 |   316 |   183 ||   732
       Punch             |       |     3 |    13 |    18 ||    34
       Trident           |       |       |       |    99 ||    99
       Kick              |       |       |       |    10 ||    10
       Headbutt          |       |       |       |     9 ||     9
Throw: Dart              |       |     1 |    10 |       ||    11
 Cast: Beastly Appendage |       |       |       |     5 ||     5
Evoke: Wand              |       |       |     3 |       ||     3
       Lightning rod     |       |       |     4 |       ||     4
  Use: Scroll            |       |     2 |     9 |     2 ||    13
       Potion            |       |       |     4 |     4 ||     8
 Stab: Sleeping          |       |       |     1 |     4 ||     5
       Confused          |       |       |     1 |       ||     1
       Distracted        |       |       |       |     1 ||     1
Armor: Leather armour    |    50 |    40 |    68 |       ||   158
       Ring mail         |       |       |    82 |   133 ||   215
       Skin              |       |       |       |    29 ||    29
Dodge: Dodged            |    71 |    50 |   152 |   195 ||   468

Table legend: (Time is in decaauts)
 A = Elapsed time spent in this place.
 B = Non-inter-level travel time spent in this place.
 C = Inter-level travel time spent in this place.
 D = Time resting spent in this place.
 E = Time spent auto-exploring this place.
 F = Levels seen in this place.
 G = Mean time per level.
                   A        B        C        D        E       F      G
               +--------+--------+--------+--------+--------+-----+--------+
         Total |  12934 |  12462 |    472 |   1370 |   9087 |  12 | 1077.8 |
       Dungeon |  12849 |  12377 |    472 |   1370 |   9052 |  11 | 1168.1 |
         Trove |     84 |     84 |      0 |      0 |     35 |   1 |   84.0 |
               +--------+--------+--------+--------+--------+-----+--------+

Top non-repeatable levels by time:
    D:10: 2101 daAuts
     D:6: 2071 daAuts
     D:9: 1495 daAuts
     D:2: 1303 daAuts
     D:5: 1265 daAuts
     D:8: 981 daAuts
     D:4: 934 daAuts
     D:1: 864 daAuts
     D:3: 817 daAuts
     D:7: 762 daAuts
    D:11: 252 daAuts
   Trove: 84 daAuts
